 Dungeon Crawl Stone Soup version 0.17.0-57-g0e89251 (webtiles) character file.

32 Fuzzybunny the Ruffian (level 3, 0/28 HPs)
             Began as a Draconian Transmuter on Dec 8, 2015.
             Succumbed to miscasting Spider Form's residual poison
             ... on level 2 of the Dungeon.
             The game lasted 00:09:57 (1176 turns).

Fuzzybunny the Ruffian (Draconian Transmuter)       Turns: 1176, Time: 00:09:57

Health: 0/28       AC:  5    Str: 12    XL:     3   Next: 10%
Magic:  6/6        EV:  7    Int: 14    God:
Gold:   43         SH: 10    Dex: 11    Spells: 3 memorised, 0 levels left

rFire  . . .     SeeInvis .       - Unarmed
rCold  . . .     Clarity  .     (armour unavailable)
rNeg   . . .     SustAt   .     g - +0 large shield
rPois  .         Gourm    .     (helmet restricted)
rElec  .         Spirit   .     (no cloak)
rCorr  .         Warding  .     (no gloves)
rMut   .         Stasis   .     (no boots)
MR     .....                    (no amulet)
Stlth  +.........               (no ring)
                                (no ring)

@: lethally poisoned (0 -> -2), very slightly contaminated, not resistant to
hostile enchantments, very unstealthy
A: unfitting armour, cold-blooded, AC +5
a: no special abilities


You were on level 2 of the Dungeon.
You were not hungry.

You visited 1 branch of the dungeon, and saw 3 of its levels.

You collected 43 gold pieces.

Inventory:

Missiles
 a - 12 arrows
Armour
 g - a +0 large shield (worn)
Scrolls
 e - a scroll of recharging {unknown}
 f - a scroll of enchant armour
 j - 3 scrolls of identify
 k - a scroll of amnesia {unknown}
Books
 b - a book of Changes

   Spells                             Type                      Level
   a - Beastly Appendage              Transmutation                1
   b - Sticks to Snakes               Transmutation                2
   c - Spider Form                    Transmutation/Poison         3
   d - Ice Form                       Ice/Transmutation            4
   e - Blade Hands                    Transmutation                5
Comestibles
 c - 2 bread rations
 d - a slice of pizza
 i - a beef jerky
 m - a chunk of flesh


   Skills:
 + Level 1.3 Fighting
 + Level 2.2 Dodging
 + Level 0.2 Stealth
 + Level 3.4 Unarmed Combat
 + Level 2.2 Spellcasting
 + Level 2.2 Transmutations


You couldn't memorise any spells.
You knew the following spells:

 Your Spells              Type           Power        Failure   Level  Hunger
a - Beastly Appendage     Trmt           #.....       100%        1    #......
b - Sticks to Snakes      Trmt           #.........   100%        2    ###....
c - Spider Form           Trmt/Pois      #.........   100%        3    ###....


Dungeon Overview and Level Annotations

Branches:
Dungeon (3/15)

Altars:


Innate Abilities, Weirdness & Mutations

Your plain brown scales are hard (AC +5).
Your body does not fit into most forms of armour.
You are cold-blooded and may be slowed by cold attacks.


Message History

The goblin hits you but does no damage. The worm bites you but does no damage.
You hit the goblin but do no damage. The goblin hits you but does no damage.
Your shield prevents you from hitting the goblin.
You feel sick. The goblin hits you but does no damage. The worm bites you!
* * * LOW HITPOINT WARNING * * *
You feel sick. The goblin barely misses you.
You feel sick. The goblin hits you.
* * * LOW HITPOINT WARNING * * *
You block the goblin's attack.
* * * LOW HITPOINT WARNING * * *
You feel sick. The goblin barely misses you.
There is an escape hatch in the ceiling here.
You can't go down here!
* * * LOW HITPOINT WARNING * * *
You feel sick. The goblin hits you but does no damage.
A mysterious force pulls you upwards. The hatch slams shut behind you.
You hit the goblin but do no damage. The goblin hits you but does no damage.
You closely miss the goblin.
You die...

...##########
.......@g...#
.
.<.########.#
. ..# . #...
.#.# ##.# #


You could see a goblin.

Vanquished Creatures
  An adder (D:2)
  3 bats
  4 goblins
  4 hobgoblins
  2 giant newts
  5 kobolds
  4 rats
23 creatures vanquished.

Notes
Turn   | Place    | Note
--------------------------------------------------------------
     0 | D:1      | Fuzzybunny the Draconian Transmuter began the quest for the Orb.
     0 | D:1      | Reached XP level 1. HP: 16/16 MP: 3/3
   395 | D:1      | Reached XP level 2. HP: 23/23 MP: 3/5
   529 | D:1      | Learned a level 2 spell: Sticks to Snakes
   849 | D:2      | Reached XP level 3. HP: 15/28 MP: 6/6
   988 | D:3      | Learned a level 3 spell: Spider Form
  1169 | D:3      | HP: 1/28 [poisoned by miscasting Spider Form (residual poison)]
  1176 | D:2      | Succumbed to miscasting Spider Form's residual poison

Action                   || total
-------------------------++-------
Melee: Unarmed           ||   104
 Cast: Beastly Appendage ||     4
  Use: Scroll            ||     3
       Potion            ||     2
  Eat: Chunk             ||     1
